 Dungeon Crawl Stone Soup version 0.30-a0-702-gdf48620a09 (webtiles) character file.

Game seed: 1375686202468094558

238 Crownlay the Grave Robber (level 5, 0/34 (35) HPs)
             Began as a Demonspawn Necromancer on Jan 21, 2023.
             Slain by a black bear (5 damage)
             ... on level 4 of the Dungeon.
             The game lasted 00:08:24 (4242 turns).

Crownlay the Grave Robber (Demonspawn Necromancer)  Turns: 4242, Time: 00:08:25

HP:   0/34 (35)     AC:  4    Str:  8    XL:     5   Next: 78%
MP:   0/9           EV: 12    Int: 19    God:
Gold: 299           SH:  0    Dex: 13    Spells: 2/10 levels left

rFire   . . .      SeeInvis .    n - +0 halberd
rCold   . . .      Faith    .    (shield currently unavailable)
rNeg    . . .      Spirit   .    a - +0 robe
rPois   .          Reflect  .    m - +0 helmet
rElec   .          Harm     .    k - +0 cloak {rCorr}
rCorr   +          Rampage  .    (no gloves)
Will    .....                    (no boots)
Stlth   ++                       (no amulet)
HPRegen 0.25/turn                (no ring)
MPRegen 0.11/turn                (no ring)

@: very slightly contaminated, lightly drained
A: powered by death 1
a: no special abilities


You were on level 4 of the Dungeon.
You visited 1 branch of the dungeon, and saw 4 of its levels.

You collected 299 gold pieces.

Inventory:

Hand Weapons
 n - a +0 halberd (weapon)
Armour
 a - a +0 robe (worn)
 k - a +0 cloak of preservation (worn)
 m - a +0 helmet (worn)
Wands
 j - a wand of acid (12)
Scrolls
 d - a scroll of poison {unknown}
 f - a scroll of enchant armour {unknown}
 g - a scroll of identify {unknown}
 h - a scroll of amnesia {unknown}
 o - a scroll of fog {unknown}
Potions
 b - a potion of magic
 c - a potion of mutation {unknown}
 e - 2 potions of heal wounds {unknown}
 i - 2 potions of lignification {unknown}
 l - a potion of ambrosia {unknown}
 p - a potion of degeneration {unknown}


   Skills:
 - Level 1.7 Dodging
 - Level 1.7 Stealth
 + Level 3.0 Spellcasting
 - Level 3.0 Hexes
 + Level 6.3 Necromancy


You had 2 spell levels left.
You knew the following spells:

 Your Spells              Type           Power      Damage    Failure   Level
a - Necrotise             Necr           100%       1d9       1%          1
b - Vampiric Draining     Necr           26%        2d7       3%          3
c - Animate Dead          Necr           26%        N/A       11%         4

Your spell library contained the following spells:

 Spells                   Type           Power      Damage    Failure   Level
 Sublimation of Blood     Necr           26%        N/A       1%          2
 Slow                     Hex            56%        N/A       4%          1
 Magic Dart               Conj           8%         1d3       16%         1
 Call Imp                 Summ           2%         N/A       22%         2
 Confusing Touch          Hex            14%        N/A       13%         3
 Agony                    Necr           26%        N/A       30%         5
 Mephitic Cloud           Conj/Pois/Air  2%         N/A       41%         3
 Petrify                  Tmut/Erth      2%         N/A       83%         4
 Irradiate                Conj/Tmut      1%         3d12      99%         5


Dungeon Overview and Level Annotations

Branches:
Dungeon (4/15)
 Temple: D:4-7

Altars:


Innate Abilities, Weirdness & Mutations

You regenerate a little health from kills.


Message History

You feel horribly lethargic!
You feel drained.
The black bear barely resists.
The black bear writhes in agony!
The black bear barely resists.
The black bear writhes in agony.
You hit the black bear.
The black bear is heavily wounded.
The black bear completely misses you.
The black bear claws you but does no damage.
The black bear claws you.
You slash the black bear!
The black bear is almost dead.
The black bear goes berserk!
The black bear bites you! The black bear claws you. The black bear misses you.
You are too injured to fight recklessly!
You are too injured to fight recklessly!
Casting: Necrotise (safe; 1% risk of failure)
Confirm with . or Enter, or press ? or * to list all spells.
You don't have enough magic to cast this spell.
Sorry, you're not good enough to have a special ability.
Unknown command.
Unknown command.
Welcome back, Crownlay the Demonspawn Necromancer.
Press ? for a list of commands and other information.
Cast which spell? (? or * to list)
Aiming: Necrotise (safe; 1% risk of failure)
Press: ? - help, Shift-Dir - straight line, f - black bear
Aim: a black bear (almost dead, berserk, chance to affect: 83%)
The black bear writhes in agony.
The black bear bites you!
* * * LOW HITPOINT WARNING * * *
The black bear closely misses you.
The black bear claws you but does no damage.
Casting: Necrotise (safe; 1% risk of failure)
Confirm with . or Enter, or press ? or * to list all spells.
Aiming: Necrotise (safe; 1% risk of failure)
Press: ? - help, Shift-Dir - straight line, f/p - black bear
Aim: a black bear (almost dead, berserk, chance to affect: 83%)
The black bear barely resists.
The black bear barely misses you.
The black bear closely misses you. x2; The black bear bites you.
You die...

##.....## #.###
##...## #.#####
##+# #.....# #.
#####.# #. #.# ##.#
#.#
##...##########.#
###.....#.>.......#
......h@..#########
#####.##### #. #


You could see a black bear (berserk).

Vanquished Creatures
  Crazy Yiuf (D:2)
  An iguana (D:4)
  3 gnolls (D:3)
  6 adders
  A worm (D:3)
  2 dart slugs
  5 orcs
  4 ball pythons
  2 endoplasms
  3 giant cockroaches (D:1)
  5 goblins
  11 hobgoblins
  2 jackals (D:1)
  5 kobolds
  6 quokkas
  3 bats
  2 frilled lizards
  7 rats
69 creatures vanquished.

Vanquished Creatures (collateral kills)
  An adder (D:2)
  A worm (D:2)
  A dart slug (D:3)
  A ball python (D:1)
  An endoplasm (D:1)
  A goblin (D:3)
6 creatures vanquished.

Grand Total: 75 creatures vanquished

Notes
Turn   | Place    | Note
-------+----------+-------------------------------------------
     0 | D:1      | Crownlay the Demonspawn Necromancer began the quest for the
                  | Orb.
     0 | D:1      | Reached XP level 1. HP: 13/13 MP: 3/3
     2 | D:1      | Noticed a troll
     2 | D:1      | Noticed a tengu
     4 | D:1      | Noticed a minotaur
     4 | D:1      | Noticed a ghoul
     6 | D:1      | Noticed a demigod
     8 | D:1      | Noticed an armataur
     8 | D:1      | Noticed a naga
    10 | D:1      | Noticed a draconian
    12 | D:1      | Noticed a vine stalker
    12 | D:1      | Noticed an ogre
    14 | D:1      | Noticed a demonspawn
    14 | D:1      | Noticed a meteoran
    16 | D:1      | Noticed a vampire
    18 | D:1      | Noticed a merfolk
    18 | D:1      | Noticed a gargoyle
    21 | D:1      | Noticed a human
    21 | D:1      | Noticed an elf
    23 | D:1      | Noticed a felid
    23 | D:1      | Noticed an octopode
    25 | D:1      | Noticed a spriggan
    27 | D:1      | Noticed a demigod
    27 | D:1      | Noticed an ogre
   265 | D:1      | Gained mutation: You regenerate a little health from kills.
                  | [demonic ancestry]
   265 | D:1      | Reached XP level 2. HP: 10/19 MP: 1/5
   400 | D:1      | Reached skill level 5 in Necromancy
   803 | D:1      | Reached skill level 1 in Hexes
   868 | D:1      | Reached XP level 3. HP: 24/24 MP: 0/6
  1400 | D:2      | Learned a level 3 spell: Vampiric Draining
  1525 | D:2      | Reached XP level 4. HP: 18/30 MP: 1/7
  1931 | D:2      | Found a runed translucent door.
  1932 | D:2      | Noticed Crazy Yiuf
  2173 | D:2      | You fall into a shaft and drop 1 floor!
  3026 | D:2      | Killed Crazy Yiuf
  3027 | D:2      | Reached XP level 5. HP: 24/35 MP: 0/8
  3240 | D:3      | Reached skill level 6 in Necromancy
  3348 | D:3      | Learned a level 4 spell: Animate Dead
  4190 | D:4      | Noticed a black bear
  4242 | D:4      | Slain by a black bear

Illustrated notes

Levels and vault maps discovered:
D:1:      kb_arrival_jail, layout_basic
D:2:      layout_loops_corners, uniq_crazy_yiuf_cottage
D:3:      layout_basic, serial_glass, glass_columns_a, glass_columns_a
D:4:      layout_loops_corners, nicolae_overflow_hallway_of_the_gods,
          fedhas_altar_fruit_tree, eino_small_chamber_without_monster,
          hangedman_decor_riveting

Skill      XL: |  1  2  3  4  5 |
---------------+----------------+-----
Necromancy     | 5 6 |  6.3
Hexes          | 1 2 3 |  3.0
Spellcasting   | 3 |  3.0
Dodging        | |  1.7
Stealth        | |  1.7

Action                   |  1- 3 |  4- 6 || total
-------------------------+-------+-------++-------
Melee: Unarmed           |     5 |       ||     5
       Spear             |     9 |     3 ||    12
       Halberd           |       |     2 ||     2
 Cast: Necrotise         |    62 |    97 ||   159
       Vampiric Draining |       |     1 ||     1
Armor: Robe              |     7 |     4 ||    11
Dodge: Dodged            |    23 |    10 ||    33

Table legend: (Time is in decaauts)
 A = Elapsed time spent in this place.
 B = Non-inter-level travel time spent in this place.
 C = Inter-level travel time spent in this place.
 D = Time resting spent in this place.
 E = Time spent auto-exploring this place.
 F = Levels seen in this place.
 G = Mean time per level.
                   A        B        C        D        E       F      G
               +--------+--------+--------+--------+--------+-----+--------+
         Total |   4239 |   4148 |     91 |     33 |   3665 |   4 | 1059.8 |
       Dungeon |   4239 |   4148 |     91 |     33 |   3665 |   4 | 1059.8 |
               +--------+--------+--------+--------+--------+-----+--------+

Top non-repeatable levels by time:
     D:2: 1686 daAuts
     D:1: 1297 daAuts
     D:3: 1034 daAuts
     D:4: 220 daAuts
